Unix NetHack Version 5.0.0-0 post-release - last build May 10 2026 23:12:36 (d1fa5d53e341ca933230fdaa984d921c805b60aa,branch:main).

Game began 2026-05-13 02:51:47, ended 2026-05-13 03:40:30.

Brudee, chaotic female human Tourist

             --                      ---
            --.---           ---------.--        ----
            |....|         ---..........----------..|           --
             -...--        |........................|         ---.----
             |....---      |..........."------...----  ----   |......--
             ---....----   --.--..........-- |...|  ----..|   |.....+.|
               --......|    -- --..........--|-..|  -.|...-   |.......|
                |......|        --..........-|..--  .......   --.....--
                --.....|         --.-........|.--    ......    --*...--
               ---.....| ----   ---............|     -....------|-....|
              --......-- |.T----|.............---   --.....||..--....--
              |..---..| --.@.--.|...............|   |......---.......--
              |.----.-- |......"................|    -................|
           ----.|..%.|----.0....................---- |..........--.|..|
           -......>..--....................[..).%..|--..........|------
             --.........|...........-..............--..........--------
            -.........-----......^............[.......................-
            |......"..-   --...............----................------
            --.........|   --......---.....|  |.......|........|
             ---.--.|..|    -----.-- --..---  ---..|.---.|.--.--
               ---------        ---   ----      ------ --------
Brudee the Excursionist     St:9 Dx:13 Co:16 In:12 Wi:8 Ch:18  Chaotic S:8720
Dlvl:8  $:791 HP:0(74) Pw:21(21) AC:8  Xp:8/1479 T:2647 

Latest messages:
 The dart hits the watchman!
 In what direction? h
 You kill the watchman!
 In what direction? h
 The dart hits the lizard.
 In what direction? h
 The dart hits the lizard.
 The dwarf picks up a +2 dart.
 You have no ammunition readied.
 What do you want to fire? [$tw or ?*] w
 You ready: w - 14 uncursed darts.
 In what direction? h
 The dart hits the lizard.
 In what direction? y
 You throw 2 darts.
 The 1st dart hits the lizard.
 The 2nd dart hits the lizard.
 In what direction? y
 You kill the lizard!
 You see here a lizard corpse.
 w - an uncursed dart (at the ready) (11 in total).
 n - a +2 dart.
 n - a +2 dart (2 in total).
 There are several more objects here.
 n - a +2 dart (3 in total).
 There are several objects here.
 The dwarf throws a dagger!
 You are hit by a dagger.
 In what direction? h
 The dart hits the dwarf.
 In what direction? h
 The dart hits the dwarf.
 In what direction? h
 You kill the dwarf!
 n - 4 +2 darts (7 in total).
 w - an uncursed dart (at the ready) (9 in total).
 You see here a dagger.
 The giant spider spins a web.
 The ice troll shoots a crossbow bolt!
 You are hit by a crossbow bolt.
 The ice troll swings his crossbow.
 The ice troll hits!
 The ice troll hits!
 You're covered in frost!
 Your dark green potion freezes and shatters!
 The ice troll bites!
 You die...
 Do you want your possessions identified? [ynq] (y) y
 Do you want to see your attributes? [ynq] (y) y
 Do you want an account of creatures vanquished? [ynaq] (y) q

Inventory:
 Coins    ('$')
  $ - 791 gold pieces
 Weapons  (')')
  t - a +0 boomerang
  n - 7 +2 darts
  w - 9 +0 darts (at the ready)
  H - a +0 long sword (weapon in right hand)
 Armor    ('[')
  A - a cursed -1 helm of opposite alignment (being worn)
  z - an uncursed +0 helm of telepathy
  R - an uncursed +0 pair of gauntlets of fumbling
  y - an uncursed +0 pair of jumping boots
  G - an uncursed +0 pair of speed boots (being worn)
  q - an uncursed +0 shield of shock resistance (being worn)
  k - an uncursed burnt +0 Hawaiian shirt with a parrot motif (being worn)
 Comestibles  ('%')
  d - an uncursed cream pie
  b - 3 uncursed food rations
  g - an uncursed fortune cookie
  c - an uncursed tripe ration
  F - an uncursed homemade tin of lichen
  e - an uncursed tin of candied sewer rat meat
  Q - an uncursed egg
  K - an uncursed lichen corpse
 Scrolls  ('?')
  J - an uncursed scroll of blank paper
  s - a blessed scroll of confuse monster
  p - an uncursed scroll of gold detection
  j - 3 uncursed scrolls of magic mapping
  i - a cursed scroll of teleportation
 Potions  ('!')
  B - an uncursed potion of blindness
  X - an uncursed potion of fruit juice
  u - a cursed potion of healing
  P - an uncursed potion of water
 Wands    ('/')
  T - a wand of cancellation (0:4)
  a - a wand of digging (0:3)
  Z - a wand of striking (0:0)
 Tools    ('(')
  m - an uncursed credit card
  l - an expensive camera (0:30)

Brudee the Tourist's attributes:

Background:
 You were an Excursionist, a level 8 female human Tourist.
 You were chaotic, temporarily on a mission for Offler
 who was opposed by Blind Io (lawful) and The Lady (neutral).
 You were actually neutral.
 You were right-handed.
 You were in the Gnomish Mines, on level 8.
 You entered the dungeon 2647 turns ago.
 It was nighttime.
 You had 1479 experience points, 1081 more were needed to attain level 9.
 Your score was 8720 before end-of-game adjustments.

Basics:
 You had 0 out of 74 hit points.
 You had all 21 energy points (spell power).
 Your armor class was 8.
 Your wallet contained 791 zorkmids.
 Autopickup was on for '!+?"/=$' plus thrown.

Final Characteristics:
 Your strength was 9 (peak:11, limit:18/100).
 Your dexterity was 13 (limit:18).
 Your constitution was 16 (limit:18).
 Your intelligence was 12 (limit:18).
 Your wisdom was 8 (limit:18).
 Your charisma was 18 (limit:18).

Final Status:
 You weren't hungry.
 You were unencumbered.
 You were wielding a long sword.
 You were unskilled in long sword.

Final Attributes:
 You had sinned.
 You were shock resistant.
 Your items were protected from electric shocks.
 You were very fast.
 You are dead.

Miscellaneous:
 You didn't encounter any bones levels.
 Total elapsed playing time was 48 minutes and 42 seconds.

Major events:
 Turn
    1: Brudee the neutral female human Tourist entered the dungeon
  763: attained the rank of Sightseer (level 3)
 1323: entered the Gnomish Mines
 1680: attained the rank of Excursionist (level 6)
 1952: reached Mine Town
 2647: killed by an ice troll

You didn't know any spells.

Skills:
 Fighting Skills
   bare handed combat [Unskilled]
   two weapon combat  [Unskilled]
   riding             [Unskilled]
 Weapon Skills
   dagger             [Unskilled]
   knife              [Unskilled]
   axe                [Unskilled]
   pick-axe           [Unskilled]
   short sword        [Unskilled]
   broadsword         [Unskilled]
   long sword         [Unskilled]
   two-handed sword   [Unskilled]
   saber              [Unskilled]
   mace               [Unskilled]
   morning star       [Unskilled]
   flail              [Unskilled]
   hammer             [Unskilled]
   quarterstaff       [Unskilled]
   polearms           [Unskilled]
   spear              [Unskilled]
   trident            [Unskilled]
   lance              [Unskilled]
   bow                [Unskilled]
   sling              [Unskilled]
   crossbow           [Unskilled]
   dart               [Skilled]
   shuriken           [Unskilled]
   boomerang          [Unskilled]
   whip               [Unskilled]
   unicorn horn       [Unskilled]
 Spellcasting Skills
   divination spells  [Unskilled]
   enchantment spells [Unskilled]
   escape spells      [Unskilled]

Voluntary challenges:
 Character rerolling was not enabled.
 You never genocided any monsters.
 You never polymorphed an object.
 You never changed form.
 You used no wishes.
Achievements:
 You entered a shop.
 You attained the rank of Sightseer.
 You entered the Gnomish Mines.
 You attained the rank of Excursionist.
 You entered Minetown.
 You entered a temple.

 The Dungeons of Doom: levels 1 to 5
    Level 1:
       A fountain, a grave.
    Level 2:
       An armor shop.
    Level 3:
       An armor shop, a fountain.
    Level 4:
       Stairs down to The Gnomish Mines.
    Level 5:
 The Gnomish Mines: levels 5 to 9
    Level 5:
    Level 6:
    Level 7:
       Many shops, a temple and an altar to Offler, some fountains, some trees.
    Level 8: <- You were here.
       Final resting place for
          you, killed by an ice troll.
    Level 9:


Vanquished creatures:
  a watchman
  a lizard
  a rock mole
  a fog cloud
  a shrieker
  3 gnome leaders
  a kobold mummy
  a giant ant
  a floating eye
  a kitten
  4 dwarves
  a homunculus
  a giant bat
 an iguana
  a large kobold
  2 giant rats
  2 cave spiders
 14 gnomes
  a gnome zombie
  a gecko
  5 jackals
  4 goblins
  a sewer rat
  2 grid bugs
  a bat
  3 lichens
  a kobold zombie
  2 newts
59 creatures vanquished.

No species were genocided or became extinct.

Game over:
                       ----------
                      /          \
                     /    REST    \
                    /      IN      \
                   /     PEACE      \
                  /                  \
                  |      Brudee      |
                  |      791 Au      |
                  | killed by an ice |
                  |      troll       |
                  |                  |
                  |                  |
                  |       2026       |
                 *|     *  *  *      | *
        _________)/\\_//(\/(/\)/\//\/|_)_______

Aloha Brudee the Tourist...

You died in The Gnomish Mines on dungeon level 8 with 8717 points,
and 791 pieces of gold, after 2647 moves.
You were level 8 with a maximum of 74 hit points when you died.

